[Event "SixDays Budapest GM-B May 2024"]
[Site "Budapest"]
[Date "2024.05.21"]
[Round "9.1"]
[White "Fodor, Tamas Jr."]
[Black "Jinan Jomon"]
[Result "1-0"]
[ECO "E48"]
[WhiteElo "2486"]
[BlackElo "2380"]
[Annotator "RC"]
[PlyCount "55"]
[EventDate "2024.05.15"]
[EventType "tourn"]
[EventCountry "HUN"]
[SourceTitle "playchess.com"]
[Source "ChessBase"]
[SourceQuality "1"]
[TimeControl "40/5400+30:1800+30"]

1. d4 Nf6 2. c4 e6 3. Nc3 Bb4 4. e3 O-O 5. Bd3 d5 6. cxd5 exd5 7. a3 Bxc3+ 8. bxc3 c5 9. Ne2 Nc6 10. f3 b6 11. O-O Re8 12. Kh1 Na5 13. Ra2 Be6 14. g4 Rc8 15. Ng3 cxd4 16. cxd4 Nc4 17. Rg2 Nd7 18. f4 Nf8 19. f5 Bd7 20. f6 g6 21. Qf3 Qc7 22. Nf5 Bxf5 23. gxf5 Qd8 24. fxg6 hxg6 25. Bxg6 fxg6 26. f7+ Kg7 27. fxe8=Q Qxe8 28. Qxd5 1-0

[Event "SixDays Budapest GM-B May 2024"]
[Site "Budapest"]
[Date "2024.05.21"]
[Round "9.2"]
[White "Kuru, Atilla"]
[Black "Lu, Maximillian"]
[Result "1-0"]
[ECO "B23"]
[WhiteElo "2313"]
[BlackElo "2373"]
[Annotator "TA"]
[PlyCount "119"]
[EventDate "2024.05.15"]
[EventType "tourn"]
[EventCountry "HUN"]
[SourceTitle "playchess.com"]
[Source "ChessBase"]
[SourceQuality "1"]
[TimeControl "40/5400+30:1800+30"]

1. e4 c5 2. Nc3 a6 3. g3 Nc6 4. Bg2 g6 5. Nge2 Bg7 6. d3 e6 7. Be3 d6 8. Qd2 Nd4 9. O-O Ne7 10. Bh6 O-O 11. Nxd4 cxd4 12. Ne2 e5 13. Bxg7 Kxg7 14. c3 dxc3 15. bxc3 Be6 16. f4 f6 17. h3 Rc8 18. g4 Qa5 19. Kh1 exf4 (19... Bg8 {simplifies} 20. a4 Nc6 21. Qe3 exf4 22. Qxf4 Ne5) 20. Qxf4 Qc7 21. Nd4 Bd7 22. Rae1 b5 23. h4 ({Better is} 23. Ne2 $11) 23... Qc5 24. Nf3 g5 (24... Qxc3 $2 25. Qxd6 Rf7 26. Qxd7 $18) 25. Qg3 (25. hxg5 $15 fxg5 26. Qxg5+ Qxg5 27. Nxg5) 25... Ng6 $17 (25... Qxc3 $2 26. Qxd6 Qc7 27. Qxe7+ $18) 26. hxg5 fxg5 27. d4 Qxc3 28. Qxd6 Bxg4 29. Nxg5 h6 (29... Qd2 $1 $17 30. Ne6+ Bxe6 31. Qxe6 Rc2 (31... Qxd4 32. Rd1 $17) (31... Qxg2+ $2 32. Kxg2 Rce8 33. Qxa6 $18)) 30. Ne6+ $11 Bxe6 31. Qxe6 Qxd4 32. Qxa6 Qe5 33. Qb7+ Ne7 34. Qd7 h5 35. Rb1 Rxf1+ 36. Rxf1 Rf8 (36... Rc2 {is interesting.} 37. a4 b4 38. Qd3 Rc3) 37. Rd1 Qg5 38. Rg1 Kh6 39. Bh3 Qh4 40. Qd2+ Rf4 41. Qe3 Ng6 (41... Qf2 {simplifies} 42. Qxf2 Rxf2 43. Rb1 Rxa2 44. Rxb5 Ng6) 42. e5 Nxe5 43. Qg3 Qf6 44. Qe3 Kh7 45. Re1 (45. Qa7+ $11 Kh6 46. Qe3) 45... Qc6+ (45... Rf3 $17 46. Qe4+ Ng6) 46. Bg2 $11 Rh4+ 47. Kg1 Rg4 $1 48. Re2 Ng6 49. Kf1 (49. Qa7+ $11 Kg8 50. Qb8+ Nf8 51. Kh2) 49... Qf6+ 50. Rf2 Nf4 51. Be4+ Kh6 ({Black should play} 51... Kg7 $15 52. Qb3 (52. Qa7+ Kh6 $17) 52... Qa1+ 53. Qb1 Qd4) 52. Bb1 $2 (52. Rc2 $1 $11 Kg7 53. Qa7+ Kh6 54. Qe3) 52... h4 $2 (52... b4 $19 {aiming for ...Rh4.} 53. Rc2 h4) 53. Qe4 $2 {[%emt 0:00:22][%mdl 8192] [#]} (53. Rf3 $17 {was the crucial defense.}) 53... Rg1+ $2 (53... Kg5 $1 $19 54. a3 (54. Qe3 h3) 54... h3) 54. Kxg1 $11 Nh3+ 55. Kh2 (55. Kg2 $2 {is a self mate.} Qxf2+ 56. Kxh3 Qg3#) 55... Qxf2+ 56. Qg2 $1 Qxg2+ 57. Kxg2 Nf4+ 58. Kf3 {[%emt 0:00:06] [#]} h3 $2 ({Much less strong is} 58... Kg5 59. Bc2 $15) (58... Ng6 $1 $11) 59. Kxf4 h2 60. Be4 1-0

[Event "SixDays Budapest GM-B May 2024"]
[Site "Budapest"]
[Date "2024.05.21"]
[Round "9.3"]
[White "Stefansson, Vignir Vatnar"]
[Black "Horvath, Adam"]
[Result "1-0"]
[ECO "E11"]
[WhiteElo "2463"]
[BlackElo "2448"]
[Annotator "RC"]
[PlyCount "141"]
[EventDate "2024.05.15"]
[EventType "tourn"]
[EventCountry "HUN"]
[SourceTitle "playchess.com"]
[Source "ChessBase"]
[SourceQuality "1"]
[TimeControl "40/5400+30:1800+30"]

1. d4 Nf6 2. c4 e6 3. Nf3 Bb4+ 4. Bd2 a5 5. g3 b6 6. Bg2 Bb7 7. O-O O-O 8. Bg5 Be7 9. Qc2 Be4 10. Qc1 Bb7 11. Nc3 Ne4 12. Nxe4 Bxe4 13. Bxe7 Qxe7 14. Qf4 d5 15. cxd5 exd5 16. Rac1 c5 17. dxc5 bxc5 18. Qe3 Qb7 19. Qa3 Na6 20. Ne1 Qb5 21. Nd3 Bxg2 22. Kxg2 c4 23. Nf4 d4 24. Qf3 Rad8 25. b3 c3 26. e3 Nb4 27. a4 Qb6 28. exd4 Na2 29. Ra1 Qxb3 30. Ne2 Qc4 31. Nxc3 Nxc3 32. Rfc1 Rc8 33. Ra3 Qxd4 34. Rcxc3 Rxc3 35. Qxc3 Qe4+ 36. Qf3 Qd4 37. Qd3 Rd8 38. Qf3 g6 39. Qc6 Qd5+ 40. Qxd5 Rxd5 41. Rf3 Kf8 42. Rf4 Ke7 43. Kf3 f5 44. Rc4 Kf6 45. h4 h6 46. Ke3 Ke5 47. Rc6 f4+ 48. gxf4+ Kf5 49. f3 Rd1 50. Rc5+ Kf6 51. Rxa5 Rh1 52. Ra6+ Kf5 53. Ra5+ Kf6 54. Ra6+ Kf5 55. Ra8 Re1+ 56. Kf2 Ra1 57. Rf8+ Ke6 58. Re8+ Kf5 59. Re4 Ra3 60. Kg3 Ra2 61. Re5+ Kf6 62. Ra5 Rc2 63. Ra6+ Kf5 64. h5 g5 65. Ra5+ Kf6 66. fxg5+ hxg5 67. Rb5 Rc4 68. a5 Rh4 69. Rb6+ Kf7 70. a6 Ra4 71. Rb7+ 1-0

[Event "SixDays Budapest GM-B May 2024"]
[Site "Budapest"]
[Date "2024.05.21"]
[Round "9.4"]
[White "Palczert, Matyas"]
[Black "Borgaonkar Akshay"]
[Result "1/2-1/2"]
[ECO "B40"]
[WhiteElo "2333"]
[BlackElo "2374"]
[Annotator "TA"]
[PlyCount "71"]
[EventDate "2024.05.15"]
[EventType "tourn"]
[EventCountry "HUN"]
[SourceTitle "playchess.com"]
[Source "ChessBase"]
[SourceQuality "1"]
[TimeControl "40/5400+30:1800+30"]

1. e4 c5 2. Nf3 e6 3. d4 cxd4 4. Nxd4 Nf6 5. Nc3 Nc6 6. Be2 Qc7 7. O-O Be7 8. Be3 O-O 9. f4 d6 10. Kh1 a6 11. a3 Bd7 12. Qe1 Nxd4 13. Bxd4 Bc6 14. Qg3 b5 15. Bd3 Rad8 16. Rae1 Qd7 17. Ne2 Qb7 18. Ng1 g6 19. Qe3 Ng4 20. Qe2 Bf6 21. Nf3 (21. Bxf6 {simplifies} Nxf6 22. Nf3 Rfe8 23. Nd4) 21... e5 22. fxe5 Nxe5 23. Nxe5 Bxe5 24. Bxe5 dxe5 25. Qe3 Qe7 (25... Kg7 {is more complex.} 26. g4 h6 27. h3 Qd7) 26. Qb6 Rd6 27. Qc5 Rfd8 28. Rf2 Re6 29. Qe3 (29. Qxe7 {simplifies} Rxe7 30. g4 Kg7 31. Kg2) 29... Rd7 30. Ref1 Qh4 31. Rf3 h6 32. Kg1 Kg7 33. Rh3 Qg5 34. Qf2 Qe7 35. Qe3 Qg5 36. Qf2 {[%emt 0:00:19] Weighted Error Value: White=0.08 (flawless) /Black=0.11 (very precise) .  Inaccurate:     	White=1     	---        OK:         	White=8     	Black=6      Best:        	White=1     	---} 1/2-1/2

[Event "SixDays Budapest GM-B May 2024"]
[Site "Budapest"]
[Date "2024.05.21"]
[Round "9.5"]
[White "Krishnan, Ritvik"]
[Black "Lamard, Guillaume"]
[Result "1/2-1/2"]
[ECO "B03"]
[WhiteElo "2298"]
[BlackElo "2504"]
[Annotator "RC"]
[PlyCount "186"]
[EventDate "2024.05.15"]
[EventType "tourn"]
[EventCountry "HUN"]
[SourceTitle "playchess.com"]
[Source "ChessBase"]
[SourceQuality "1"]
[TimeControl "40/5400+30:1800+30"]

1. e4 Nf6 2. e5 Nd5 3. d4 d6 4. c4 Nb6 5. f4 dxe5 6. fxe5 Bf5 7. Nc3 e6 8. Be3 Bb4 9. Nf3 c5 10. Qd2 Nc6 11. a3 cxd4 12. Nxd4 Nxd4 13. Bxd4 Bxc3 14. Bxc3 Qh4+ 15. Qf2 Qe4+ 16. Qe2 Rc8 17. Qxe4 Bxe4 18. Rd1 Nxc4 19. Rd4 Bd5 20. Bxc4 Rxc4 21. Rxc4 Bxc4 22. Kf2 Kd7 23. Rc1 Bd5 24. Bb4 f6 25. Bd6 fxe5 26. Bxe5 Rf8+ 27. Ke3 Rf5 28. Kd4 Bc6 29. Rc2 g6 30. Rd2 Ke7 31. Rc2 Rf1 32. Re2 g5 33. Ke3 Rd1 34. Bc3 Rh1 35. g3 g4 36. Rf2 Bf3 37. Kf4 h6 38. Bb4+ Kf7 39. Bc3 a6 40. Ke3 e5 41. Rd2 Ke6 42. Rf2 Bc6 43. Rd2 h5 44. Rf2 Bb5 45. Rc2 Rd1 46. Rd2 Re1+ 47. Kf2 Rf1+ 48. Kg2 Rf3 49. Rf2 Re3 50. Kg1 Bc6 51. Kf1 Be4 52. Bd2 Rd3 53. Ke2 Rd8 54. Bc3 Rh8 55. Ke3 Bc6 56. Bb4 Bf3 57. h4 Rc8 58. Bc3 Rc4 59. Rd2 Rc7 60. Rd8 Bc6 61. Rd2 Rc8 62. Rf2 Bd5 63. Re2 Bf3 64. Rf2 b5 65. Rd2 Rc4 66. Kf2 Re4 67. b3 Kf5 68. Bb4 Rd4 69. Bc3 Ke4 70. Bxd4 exd4 71. Ke1 Ke3 72. a4 b4 73. a5 d3 74. Re2+ Kd4 75. Re7 Kc3 76. Rd7 Kxb3 77. Rxd3+ Kc2 78. Rd8 b3 79. Rc8+ Kd3 80. Rb8 Kc3 81. Rc8+ Kd3 82. Rd8+ Ke3 83. Rb8 Bd5 84. Rb6 Bc4 85. Kd1 Kf3 86. Rh6 Kxg3 87. Rxh5 Kh2 88. Rg5 g3 89. h5 g2 90. h6 Bd3 91. Kc1 g1=Q+ 92. Rxg1 Kxg1 93. Kb2 Bc2 1/2-1/2